 Dungeon Crawl Stone Soup version 0.32-a0-329-ge6c31236d6 (webtiles) character file.

Game seed: 13307099035248615937

2080 Sobieck the Skirmisher (level 8, -4/63 HPs)
             Began as a Demigod Hunter on Feb 16, 2024.
             Slain by an ice beast (14 damage)
             ... on level 6 of the Dungeon.
             The game lasted 00:12:16 (5921 turns).

Sobieck the Skirmisher (Demigod Hunter)             Turns: 5921, Time: 00:12:17

Health: -4/63      AC:  5    Str: 12    XL:     8   Next: 78%
Magic:  10/10      EV: 13    Int: 11    God:
Gold:   208        SH:  0    Dex: 25    Spells: 7/7 levels left

rFire   . . .        a - +1 shortbow (freeze)
rCold   . . .        (shield currently unavailable)
rNeg    . . .        c - +0 leather armour
rPois   .            l - +1 helmet
rElec   .            (no cloak)
rCorr   .            (no gloves)
SInv    .            (no boots)
Will    .....        (no amulet)
Stlth   ++           (no ring)
HPRegen 0.30/turn    (no ring)
MPRegen 0.12/turn

%: no passive effects
@: mighty
A: high MP 1, forlorn, divine attributes
a: no special abilities


You were on level 6 of the Dungeon.
You visited 1 branch of the dungeon, and saw 7 of its levels.
You also visited: Ossuary.

You collected 208 gold pieces.

Inventory:

Hand Weapons
 a - a +1 shortbow of freezing (weapon)
 i - the +6 hand axe "Vuexaic" {venom, rN+ Dex+2}
   (You found it on level 4 of the Dungeon)

   Dex+2:     It affects your dexterity (+2).
   rN+:       It protects you from negative energy.
Missiles
 k - 24 poisoned darts
 F - 3 curare-tipped darts
Armour
 c - a +0 leather armour (worn)
 l - a +1 helmet (worn)
 v - a +1 helmet
Magical Staves
 q - a staff of earth
Jewellery
 g - a ring of fire
Scrolls
 b - a scroll of blinking
 n - a scroll of torment
 r - 3 scrolls of vulnerability
 u - 2 scrolls of butterflies
 T - 3 scrolls of teleportation
Potions
 d - a potion of might
 e - 2 potions of magic
 f - a potion of lignification
 h - 3 potions of enlightenment
 m - a potion of attraction
 o - 4 potions of brilliance
 p - a potion of cancellation
 s - a potion of mutation {unknown}
 x - a potion of curing {unknown}
 H - a potion of haste


   Skills:
 + Level 3.0 Fighting
 * Level 10.6 Ranged Weapons
 + Level 2.3 Armour
 + Level 3.1 Dodging
 - Level 0.8 Stealth


You had 7 spell levels left.
You didn't know any spells.
Your spell library contained the following spells:

 Spells                   Type           Power      Damage    Failure   Level
 Shock                    Conj/Air       0%         1d3       41%         1
 Call Imp                 Summ           0%         N/A       56%         2
 Cigotuvi's Dreadful Rot  Necr/Alch/Air  0%         N/A       56%         2
 Ensorcelled Hibernation  Hex/Ice        0%         N/A       56%         2
 Sublimation of Blood     Necr           0%         N/A       56%         2
 Frozen Ramparts          Ice            0%         1d1       80%         3
 Fugue of the Fallen      Necr           0%         N/A       80%         3
 Gell's Gravitas          Tloc           0%         N/A       80%         3
 Swiftness                Air            0%         N/A       80%         3
 Teleport Other           Tloc           0%         N/A       80%         3
 Airstrike                Air            0%         2d(0-16)  99%         4
 Anguish                  Hex/Necr       0%         N/A       99%         4
 Ignite Poison            Fire/Alch      0%         N/A       99%         4
 Fireball                 Conj/Fire      0%         3d3       100%        5
 Freezing Cloud           Conj/Ice/Air   0%         6-21      100%        5
 Dispersal                Tloc           0%         N/A       100%        6
 Summon Hydra             Summ           0%         N/A       100%        7
 Fire Storm               Conj/Fire      0%         5d1       100%        9


Dungeon Overview and Level Annotations

Branches:
Dungeon (7/15)             Temple (0/1) D:7         Ossuary (visited)

Annotations:
D:7 Maurice


Innate Abilities, Weirdness & Mutations

You have an increased reservoir of magic. (+10% MP)
You shall have no god before yourself.
Your divine heritage dramatically boosts your attributes as you level up.


Message History

You feel very mighty all of a sudden. The ice beast barely misses you.
Unknown command.
You shoot an arrow. The arrow barely misses the ice beast.
The ice beast hits you.
* * * LOW HITPOINT WARNING * * *
The ice beast freezes you!
* * * LOW HITPOINT WARNING * * *
Unknown command.
You shoot an arrow. The arrow hits the ice beast.
The ice beast is heavily wounded.
The ice beast misses you.
You feel much better. The ice beast hits you.
* * * LOW HITPOINT WARNING * * *
The ice beast freezes you!
* * * LOW HITPOINT WARNING * * *
Unknown command.
You shoot an arrow. The arrow hits the ice beast.
The ice beast is severely wounded.
The ice beast hits you.
* * * LOW HITPOINT WARNING * * *
The ice beast freezes you!
* * * LOW HITPOINT WARNING * * *
Unknown command.
You shoot an arrow.
The arrow hits the ice beast but does no damage.
The ice beast is severely wounded.
The ice beast misses you.
Unknown command.
You shoot an arrow. The arrow hits the ice beast.
The ice beast is severely wounded.
The ice beast hits you but does no damage.
Unknown command.
You shoot an arrow.
The arrow hits the ice beast but does no damage.
The ice beast is severely wounded.
The ice beast hits you.
* * * LOW HITPOINT WARNING * * *
The ice beast freezes you!
* * * LOW HITPOINT WARNING * * *
Unknown command.
You shoot an arrow. The arrow hits the ice beast.
The ice beast is almost dead.
The ice beast misses you.
Unknown command.
The ice beast attacks as it pursues you!
The ice beast hits you.
* * * LOW HITPOINT WARNING * * *
The ice beast freezes you!
You die...

#....................#......
..................#.##...##.
##........................##.
.................#..#..##.##.
...................)#...#.###
..........................#
..........................#
...........Y.........#.#..#
...........#@##...#.......#
.###....###..#...#.....###
.#.. ##...## #<....#.....##
..Y..#....# ###..##..#..#
........########..#####.##
..##....###.##....# ###
#...............#
#.............#..#
#.......##..#######


You could see an ice beast.

Vanquished Creatures
  Sigmund (D:4)
  A water moccasin (D:6)
  An ice beast (D:6)
  2 black bears (D:5)
  An ogre (D:5)
  2 phantoms (D:5)
  3 bullfrogs
  4 scorpions
  2 wights (Ossuary)
  A burial acolyte (Ossuary)
  A howler monkey (D:3)
  3 orc priests
  2 hounds
  2 jellies
  2 iguanas
  Natasha (thrice) (D:2)
  2 orc wizards
  A mummy (Ossuary)
  4 gnolls (D:2)
  4 adders
  2 dart slugs
  A ribbon worm (D:3)
  12 orcs
  2 bats
  10 endoplasms
  12 giant cockroaches
  9 hobgoblins
  3 jackals (D:5)
  11 kobolds
  4 quokkas
  5 ball pythons
  4 frilled lizards
  7 gnoll skeletons (Ossuary)
  6 goblins
  8 kobold skeletons (Ossuary)
  5 orc skeletons (Ossuary)
  A rat (D:1)
144 creatures vanquished.

Notes
Turn   | Place    | Note
-------+----------+-------------------------------------------
     0 | D:1      | Sobieck the Demigod Hunter began the quest for the Orb.
     0 | D:1      | Reached XP level 1. HP: 17/17 MP: 3/3
    94 | D:1      | Reached skill level 4 in Ranged Weapons
    98 | D:1      | Reached XP level 2. HP: 19/24 MP: 4/4
   810 | D:2      | Reached XP level 3. HP: 29/29 MP: 5/5
   852 | D:2      | Reached skill level 5 in Ranged Weapons
   970 | D:2      | Reached XP level 4. HP: 36/36 MP: 6/6
  1187 | D:2      | Noticed Natasha
  1194 | D:2      | Killed Natasha
  1455 | D:2      | Noticed Natasha
  1463 | D:2      | Killed Natasha
  1468 | D:2      | Noticed Natasha
  1617 | D:2      | Killed Natasha
  1618 | D:2      | Reached skill level 6 in Ranged Weapons
  1618 | D:2      | Reached XP level 5. HP: 38/41 MP: 7/7
  1827 | D:3      | Got the Incunable of the Beaming Deep Freeze
  2857 | D:4      | Identified the +6 hand axe "Vuexaic" {venom, rN+ Dex+2}
  3276 | D:4      | Reached skill level 7 in Ranged Weapons
  3276 | D:4      | Reached XP level 6. HP: 17/48 MP: 8/8
  3420 | D:4      | Noticed Sigmund
  3435 | D:4      | Killed Sigmund
  3464 | D:4      | You fall into a shaft and drop 3 floors!
  3475 | D:7      | Reached skill level 8 in Ranged Weapons
  3497 | D:7      | Noticed Maurice
  3527 | D:7      | Reached XP level 7. HP: 53/53 MP: 9/9
  3620 | D:6      | Found a sand-covered staircase.
  3639 | Ossuary  | Entered an ossuary
  4023 | Ossuary  | Reached skill level 9 in Ranged Weapons
  4361 | D:5      | Entered Level 5 of the Dungeon
  4629 | D:4      | Reached XP level 8. HP: 60/60 MP: 10/10
  4769 | D:4      | Reached skill level 10 in Ranged Weapons
  5299 | D:5      | Reached skill level 1 in Armour
  5792 | D:6      | Reached skill level 3 in Fighting
  5792 | D:6      | Reached skill level 3 in Dodging
  5921 | D:6      | Slain by an ice beast

Illustrated notes

Levels and vault maps discovered:
D:1:      tarquinn_simple_flora_water_a, layout_loops_ring, serial_rivers,
          chequers_serial_rivers_micro_c, chequers_serial_rivers_micro_c,
          chequers_serial_rivers_marsh, chequers_serial_rivers_large_a,
          chequers_serial_rivers_room_a, chequers_garden
D:2:      layout_loops_ring, bh_walls_and_bars, uniq_natasha
D:3:      minmay_roachtagon, layout_loops_corners, grunt_temple_overflow_diamond
D:4:      layout_rooms, uniq_sigmund
D:5:      layout_gridville
D:6:      layout_cave_pools, fedhas_altar_1, nicolae_ossuary_entry_ruins,
          nicolae_figureground_pulse, uniq_jeremiah
D:7:      layout_basic, minmay_temple_entry_nine_rooms, serial_glass,
          glass_columns_a, glass_columns_a, uniq_pikel, uniq_maurice

Skill      XL: |  1  2  3  4  5  6  7  8 |
---------------+-------------------------+-----
Ranged Weapons | 4 5 6 7 8 9 10 | 10.6
Fighting       | 3 |  3.0
Dodging        | 3 |  3.1
Armour         | 2 |  2.3
Stealth        | |  0.8

Action                     |  1- 3 |  4- 6 |  7- 9 || total
---------------------------+-------+-------+-------++-------
   Fire: Shortbow          |    51 |   185 |   276 ||   512
    Use: Scroll            |       |     7 |    12 ||    19
         Potion            |       |       |     3 ||     3
 Armour: Leather armour    |     7 |    44 |    40 ||    91
  Dodge: Dodged            |     3 |    44 |    35 ||    82

Table legend: (Time is in decaauts)
 A = Elapsed time spent in this place.
 B = Non-inter-level travel time spent in this place.
 C = Inter-level travel time spent in this place.
 D = Time resting spent in this place.
 E = Time spent auto-exploring this place.
 F = Levels seen in this place.
 G = Mean time per level.
                   A        B        C        D        E       F      G
               +--------+--------+--------+--------+--------+-----+--------+
         Total |   5952 |   5641 |    311 |    797 |   3486 |   8 |  744.0 |
       Dungeon |   5271 |   4960 |    311 |    522 |   3486 |   7 |  753.0 |
       Ossuary |    681 |    681 |      0 |    275 |      0 |   1 |  681.0 |
               +--------+--------+--------+--------+--------+-----+--------+

Top non-repeatable levels by time:
     D:3: 1367 daAuts
     D:2: 975 daAuts
     D:4: 835 daAuts
     D:1: 835 daAuts
     D:5: 832 daAuts
 Ossuary: 681 daAuts
     D:6: 355 daAuts
     D:7: 71 daAuts
